[Event "Early-Titled-Tuesday-Blitz-November-28-2023"]
[Site "Chess.com"]
[Date "2023.11.28"]
[Round "8"]
[White "GiorgianBarbosa"]
[Black "FM-to-GM"]
[Result "0-1"]
[WhiteElo "2521"]
[BlackElo "2674"]
[TimeControl "180+1"]
[EndTime "9:35:58 PST"]
[Termination "FM-to-GM won on time"]

1. d4 d5 2. Nf3 Nf6 3. e3 Bg4 4. Be2 e6 5. O-O Be7 6. Nbd2 O-O 7. c4 Nbd7 8. h3 Bh5 9. b3 c5 10. cxd5 Nxd5 11. Bb2 cxd4 12. Bxd4 Bf6 13. Ne4 Bxd4 14.
Qxd4 Bg6 15. Rac1 Qa5 16. Bc4 N7b6 17. a4 Rfd8 18. Qc5 Qb4 19. Qxb4 Nxb4 20. Nc5 Rab8 21.
Ne5 Bc2 22. a5 Nxc4 23. Nxc4 b6 24. axb6 axb6 25. Na3 Bf5 26. Na4 h5 27. Nb5 Bd3 28. Nd4 Bxf1 29. Kxf1 b5 30. Nc3 Rdc8 31. Ke2 Nd5 32. Kd2 Nxc3 33. Rxc3 Rd8 34. Kc2 Rb6 35. Rc5 b4 36. Rxh5 f5 37. Rh4 Ra8 38. Kb2 Kf7 39. Nc2 Rab8 40. Rc4 Kf6 41. f4 g6 42. Nd4 Rd8 43.
Kc2 Rd7 44. Kd3 e5 45. fxe5+ Kxe5 46. Rc5+ Rd5 47. Rc7 Rbd6 48. Kc4 Rxd4+ 49. exd4+ Rxd4+ 50. Kb5 Kf4 51. Rc6 g5 52. Rg6 Re4 53. Ka4 g4 54. hxg4 fxg4 55. Rb6 Kg3 0-1

[Event "Early-Titled-Tuesday-Blitz-November-28-2023"]
[Site "Chess.com"]
[Date "2023.11.28"]
[Round "8"]
[White "masenik"]
[Black "IljaZaragatski"]
[Result "0-1"]
[WhiteElo "2495"]
[BlackElo "2621"]
[TimeControl "180+1"]
[EndTime "9:36:02 PST"]
[Termination "IljaZaragatski won by checkmate"]

1. e4 e6 2. d4 d5 3. Nd2 Nc6 4. Bb5 a6 5. Bxc6+ bxc6 6. c4 dxc4 7. Ngf3 c5 8. dxc5 Bxc5 9. O-O c3 10. bxc3 Ne7 11.
Nb3 Qxd1 12. Rxd1 Bb6 13. c4 Bb7 14. c5 Ba7 15. Bf4 Bxe4 16. Bxc7 Rc8 17. Bd6 Nd5 18. Ng5 Bc2 19. Rdc1 Bf5 20. Nd4 Bg6 21. a4 h6 22. Ngf3 Be4 23. Nd2 Bh7 24. N2b3 Kd7 25. Na5 Rhd8 26. h3 Ke8 27. Kh2 Rxd6 28. cxd6 Rxc1 29.
Rxc1 Bxd4 30. Rc6 Nb4 31. Rc8+ Kd7 32. Rc7+ Kxd6 33. Rxf7 Nc6 34. Nb7+ Kd5 35. g3 Ne5 36. Re7 Nf3+ 37. Kg2 Be4 38. Kf1 Bd3+ 39. Kg2 Ne1+ 40. Kh2 Bxf2 41. Nd8 e5 42. Nf7 Bd4 43. Rd7+ Ke6 44.
Rb7 Nf3+ 45. Kg2 Be4 46. Nd8+ Kd6 47. Nf7+ Kc6 48. Re7 Ng5+ 49. Kf1 Nxf7 50. Rxf7 g6 51. Rf6+ Kd5 52. Ke2 a5 53. Ra6 Bc3 54. Ke3 Bd4+ 55. Ke2 Bc3 56. Ke3 Bb4 57. h4 h5 58. Rb6 Bc5+ 59. Ke2 Bxb6 60. Kd2 Bf5 61. Ke2 e4 62.
Kd2 Bg4 63. Ke1 e3 64. Kf1 e2+ 65. Ke1 Bc5 66. Kd2 Bb4+ 67. Kd3 e1=Q 68. Kc2 Bf5+ 69. Kb3 Qc3+ 70. Ka2 Qc2+ 71. Ka1 Bc3# 0-1

[Event "Early-Titled-Tuesday-Blitz-November-28-2023"]
[Site "Chess.com"]
[Date "2023.11.28"]
[Round "8"]
[White "Journey_to_GrandMaster_YT"]
[Black "emeli_chess"]
[Result "1/2-1/2"]
[WhiteElo "2529"]
[BlackElo "2382"]
[TimeControl "180+1"]
[EndTime "9:36:03 PST"]
[Termination "Game drawn - insufficient material"]

1. d4 Nf6 2. Nf3 d5 3. e3 c5 4. Bd3 Nc6 5. O-O cxd4 6. exd4 Bg4 7. c3 e6 8. h3 Bxf3 9. Qxf3 Be7 10. Bf4 h6 11.
Nd2 O-O 12. Kh1 Bd6 13. Be3 e5 14. dxe5 Nxe5 15. Qe2 Nxd3 16. Qxd3 Re8 17. Rad1 Qe7 18. Nb3 Qe5 19. g3 b6 20. Bf4 Qe7 21. Bxd6 Qxd6 22. Nd4 Re4 23. Nf5 Qe5 24. Ne3 Re8 25. Nxd5 Nxd5 26. Qxd5 Qxd5 27. Rxd5 Re2 28. Rb5 Rc2 29.
Kg2 Ree2 30. a4 Rxb2 31. Rxb2 Rxb2 32. Rd1 Ra2 33. Rd4 Ra3 34. Rc4 a6 35. f4 b5 36.
axb5 axb5 37. Rc7 Rb3 38. h4 h5 39. f5 b4 40. cxb4 Rxb4 41. Kf3 Ra4 42. Rb7 Rc4 43.
Re7 Ra4 44. Re8+ Kh7 45. Rf8 f6 46. Re8 Rb4 47. Re4 Rb5 48. Kf4 Kh6 49. Ra4 g5+ 50.
hxg5+ fxg5+ 51. Ke4 h4 52. g4 Kg7 53. Ra7+ Kf8 54.
Ra6 Rb4+ 55. Ke5 Rxg4 56. Kf6 Ke8 57. Kg7 Rf4 58. f6 h3 59. Ra5 g4 60. Rh5 Kd7 61.
f7 Ke6 62. f8=Q Rxf8 63. Kxf8 Kf6 64. Rh6+ Kg5 65. Kg7 Kf4 66. Kf6 Kg3 67. Kf5 h2 68. Rxh2 Kxh2 69. Kxg4 1/2-1/2

[Event "Early-Titled-Tuesday-Blitz-November-28-2023"]
[Site "Chess.com"]
[Date "2023.11.28"]
[Round "8"]
[White "Ginzburg_Yakov"]
[Black "JSPrepz"]
[Result "0-1"]
[WhiteElo "2615"]
[BlackElo "2849"]
[TimeControl "180+1"]
[EndTime "9:36:09 PST"]
[Termination "JSPrepz won by resignation"]

1. d4 Nf6 2. c4 b6 3. f3 d5 4.
cxd5 Nxd5 5. e4 Nf6 6. Be3 c5 7.
dxc5 Qc7 8. cxb6 axb6 9. Nc3 Nc6 10. Bb5 Bd7 11. Nge2 e6 12. O-O Bd6 13. Rc1 Bxh2+ 14.
Kh1 Be5 15. f4 Bxc3 16. Nxc3 O-O 17. e5 Ne8 18. Na4 Rb8 19. Nxb6 Rxb6 20. Bxb6 Qxb6 21. Qxd7 Qxb5 22. Qxc6 Qxb2 23. Rc2 Qb4 24. a4 g6 25.
Qc4 Qa3 26. Ra2 Qg3 27. a5 Ng7 28. a6 Nf5 29. a7 Ne3 30. Qd3 Ra8 31. Rf3 Qe1+ 32.
Kh2 Qh4+ 33. Kg1 Qe1+ 34. Rf1 Nxf1 35. Qxf1 Qe3+ 36. Qf2 Qc1+ 37. Kh2 Qc7 38. Qd4 Kg7 39. Ra6 Qb7 40. Qb6 Qxb6 41. Rxb6 Rxa7 42. g3 Ra4 43. Kh3 h6 44. Rb8 g5 45. Kg4 Kh7 46. Rb7 Kg6 47. Rb8 h5+ 48. Kf3 gxf4 49. gxf4 Kf5 50. Rh8 Rxf4+ 51.
Kg3 Rg4+ 52. Kh2 Kxe5 53. Rxh5+ f5 54. Kh3 Ke4 55. Rh8 Rg7 56. Ra8 e5 57. Ra4+ Kf3 58. Ra5 Kf4 59. Kh2 e4 60. Kh1 Rg5 61. Kh2 Kf3 62.
Kh1 e3 0-1

[Event "Early-Titled-Tuesday-Blitz-November-28-2023"]
[Site "Chess.com"]
[Date "2023.11.28"]
[Round "8"]
[White "Aisen1011"]
[Black "Lady_Nika"]
[Result "0-1"]
[WhiteElo "2431"]
[BlackElo "2576"]
[TimeControl "180+1"]
[EndTime "9:36:09 PST"]
[Termination "Lady_Nika won on time"]

1. d4 d5 2. Nf3 e6 3. c4 c6 4. g3 f5 5. Bg2 Nf6 6. O-O Bd6 7.
Nc3 O-O 8. Bf4 Qe7 9. Ne5 Nbd7 10. Kh1 Ne4 11. f3 Nxc3 12. bxc3 Bxe5 13. Bxe5 Nxe5 14. dxe5 Qc5 15. cxd5 exd5 16. Qd4 Qe7 17. e4 Rd8 18. exf5 Bxf5 19. g4 c5 20. Qf4 Be6 21. Rfd1 Rd7 22.
Rd2 Rf8 23. Qe3 b6 24. Rad1 Qh4 25. h3 h5 26. Kg1 hxg4 27. hxg4 g6 28. Qe1 Qh6 29.
Qg3 Qe3+ 30. Qf2 Qxc3 31. f4 Bxg4 32. Rxd5 Rdf7 33. R5d3 Qb4 34. Bd5 Bxd1 35. Rxd1 Kg7 36. Bxf7 Rxf7 37. e6 Re7 38. Qe3 Qb2 39. Rd7 Qa1+ 40.
Kf2 Qxa2+ 41. Kg3 Kf8 42. Qe5 Qb3+ 43. Kh4 Qxe6 44. Qh8+ Kf7 45. Qh7+ Kf6 46. Qh8+ Kf5 47. Qf8+ Qf6+ 48. Qxf6+ Kxf6 49. Rd6+ Re6 50. Rd7 a5 51. Kg4 Rc6 52. Rb7 c4 53. Rc7 Rxc7 0-1

[Event "Early-Titled-Tuesday-Blitz-November-28-2023"]
[Site "Chess.com"]
[Date "2023.11.28"]
[Round "8"]
[White "Viacheslav92"]
[Black "Narek_Ghimoyan"]
[Result "1-0"]
[WhiteElo "2566"]
[BlackElo "2319"]
[TimeControl "180+1"]
[EndTime "9:36:12 PST"]
[Termination "Viacheslav92 won by resignation"]

1. e4 c5 2. Nf3 d6 3. d4 cxd4 4. Nxd4 Nf6 5. Nc3 a6 6. Rg1 e5 7.
Nb3 h5 8. h3 Be6 9. g4 hxg4 10.
hxg4 d5 11. exd5 Nxd5 12. Nxd5 Qxd5 13. Qxd5 Bxd5 14. Be3 Nc6 15. O-O-O O-O-O 16. Be2 Be7 17. g5 Be6 18. Nc5 Bxc5 19. Bxc5 Nd4 20. Bxd4 exd4 21. Bd3 Rh2 22. f4 g6 23. Rd2 Rdh8 24. Re1 R8h4 25. Rxh2 Rxh2 26. Re2 Rh1+ 27. Kd2 Bg4 28. Re1 Rh2+ 29.
Kc1 Rf2 30. Rf1 Rg2 31. Re1 Kc7 32. b3 Kd6 33. Re4 Kd5 34. Re7 Bf5 35. Bxf5 gxf5 36.
Re5+ Kd6 37. Rxf5 Ke6 38. Rf6+ Kd5 39. Rxf7 Ke4 40. Re7+ Kxf4 41. Rxb7 Rxg5 42. Rb6 a5 43. a4 Ke3 44. Re6+ Kf4 45. Kd2 Rc5 46. Rb6 Ke4 47.
Re6+ Kd5 48. Re8 Rc7 49. Rh8 Kc6 50. Rh4 Kc5 51. Rh5+ Kb4 52. Rb5+ Ka3 53. Rxa5 Kb2 54. Rb5 Rc3 55. a5 Rxc2+ 56. Kd3 Rc6 57. Rb6 Rc7 58. b4 Kb3 59. b5 Kb4 60. a6 Kc5 61. Rb7 Rc8 62.
a7 Rh8 63. Rb8 Rh3+ 64. Kd2 Rh2+ 65. Ke1 Rh1+ 66. Kf2 Rh2+ 67. Kg1 Ra2 68. a8=Q Ra7 69. Qxa7+ 1-0

[Event "Early-Titled-Tuesday-Blitz-November-28-2023"]
[Site "Chess.com"]
[Date "2023.11.28"]
[Round "8"]
[White "LeoWin2012"]
[Black "GoValya"]
[Result "0-1"]
[WhiteElo "2248"]
[BlackElo "2221"]
[TimeControl "180+1"]
[EndTime "9:36:13 PST"]
[Termination "GoValya won by checkmate"]

1. b3 Nf6 2. Bb2 e6 3. Nf3 Be7 4. c4 d5 5. d3 O-O 6. Nbd2 c5 7. g3 d4 8. Bg2 Nc6 9. O-O e5 10. Ng5 h6 11. Nge4 Nxe4 12. Nxe4 f5 13. Nd2 Be6 14. f4 Qc7 15. fxe5 Nxe5 16. Nf3 Ng4 17. Bc1 Bd7 18. Bf4 Bd6 19. Bd2 Bc6 20. Qe1 Rae8 21. Nh4 Bxg2 22. Nxg2 Re7 23. Nf4 Bxf4 24.
Bxf4 Qc6 25. Rf3 Rfe8 26. e4 dxe3 27. Qe2 g5 28. Bxg5 hxg5 29. Rxf5 Ne5 30. Rxg5+ Rg7 31. Rf5 Ng4 32. Raf1 Nf2 33. Rf3 Nh3+ 34. Kg2 Ng5 35. Kg1 Nxf3+ 36. Rxf3 Rf8 37. Rxe3 Rgf7 38. Qg4+ Rg7 39.
Qe2 Qf6 40. Re6 Qd4+ 41. Kg2 Rff7 42. Re8+ Rf8 43. Qe6+ Rf7 44. Qg6+ Qg7 45. Qe6 Rxe8 46. Qxe8+ Qf8 47. Qe6 Qe7 48. Qd5 Kf8 49. Qh5 Rh7 50.
Qf5+ Kg8 51. Qg6+ Qg7 52. Qe8+ Qf8 53. Qe6+ Rf7 54. Qg6+ Qg7 55. Qe6 Qf6 56. Qe8+ Kg7 57.
Qe2 Qc6+ 58. Kh3 Kg8 59. g4 Rh7+ 60. Kg3 Qd6+ 61. Kf3 Rxh2 62. Qe8+ Qf8+ 63. Qxf8+ Kxf8 64. Ke4 Rxa2 65. Kd5 Rb2 66. Kxc5 Rxb3 67. Kd4 a5 68. c5 a4 69. Kc4 Rb1 70. Kc3 a3 71. Kc2 a2 72. c6 bxc6 73. d4 a1=Q 74. Kd3 Rb3+ 75. Ke4 Qe1+ 76. Kf5 Rf3+ 77. Kg6 Qe4+ 78. Kh5 Rh3+ 79.
Kg5 Qxd4 80. Kf5 Qd5+ 81. Kf4 Rf3# 0-1

[Event "Early-Titled-Tuesday-Blitz-November-28-2023"]
[Site "Chess.com"]
[Date "2023.11.28"]
[Round "8"]
[White "Fonsofan"]
[Black "BogdanDeac"]
[Result "1/2-1/2"]
[WhiteElo "2767"]
[BlackElo "2992"]
[TimeControl "180+1"]
[EndTime "9:36:22 PST"]
[Termination "Game drawn - insufficient material"]

1. e4 c6 2. Nf3 d5 3. d3 Nd7 4.
exd5 cxd5 5. c4 Ngf6 6. Nc3 e6 7. g3 dxc4 8. dxc4 b6 9. Bg2 Bb7 10. O-O Be7 11. b3 a6 12. Qe2 O-O 13. Bf4 Nh5 14. Be3 Nhf6 15. Bf4 Re8 16. Rfd1 Qc8 17. Ng5 Bxg2 18.
Kxg2 Nc5 19. Qf3 Nfd7 20. Nge4 f5 21. Nd6 Bxd6 22. Bxd6 Nf6 23. Bxc5 Qxc5 24. Rd3 b5 25. Rc1 Rac8 26. cxb5 axb5 27. Ne2 Qb6 28. Rxc8 Rxc8 29. Nf4 h6 30. Qe2 Kf7 31. Re3 Re8 32. Re5 b4 33. Qc4 Ng4 34. Rxf5+ Kg8 35. Nd3 Qb7+ 36. Kg1 Nf6 37.
Re5 Rc8 38. Qxe6+ Kh8 39. Nf4 Rc1+ 40. Re1 Rc6 41. Qe7 Qa8 42. Ng6+ Kh7 43. Ne5 Rc2 44. Qxb4 Qxa2 45. Qf4 Qxb3 46. Qf5+ Kg8 47. Ng6 Rb2 48.
Ne7+ Kh8 49. Ng6+ Kg8 50. h4 Qc2 51. Ne7+ Kf7 52. Qxc2 Rxc2 53. Nf5 Rc7 54. Ne3 Re7 55. Kg2 Rd7 56. Re2 Rc7 57. Kf3 Rd7 58. Ng4 Rd3+ 59. Re3 Rd6 60. Ne5+ Kg8 61. g4 Rd5 62. Nd3 Rd4 63. Nf4 g5 64. hxg5 hxg5 65. Ne6 Rxg4 66. Re5 Kf7 67. Rxg5 Rxg5 68. Nxg5+ Kg6 69. Ne4 Nd5 70.
Ng3 Nf6 71. Ne2 Kf5 72. Nf4 Ng4 73. Nd5 Nxf2 1/2-1/2

[Event "Early-Titled-Tuesday-Blitz-November-28-2023"]
[Site "Chess.com"]
[Date "2023.11.28"]
[Round "8"]
[White "NovozhilovSemen"]
[Black "jaskol95"]
[Result "0-1"]
[WhiteElo "2703"]
[BlackElo "2557"]
[TimeControl "180+1"]
[EndTime "9:36:26 PST"]
[Termination "jaskol95 won by resignation"]

1. d4 d5 2. c4 e5 3. Nf3 Nc6 4. cxd5 Qxd5 5. Nc3 Bb4 6. Bd2 Bxc3 7. Bxc3 e4 8. Nd2 e3 9. fxe3 Nf6 10. e4 Nxe4 11.
e3 O-O 12. Bc4 Qf5 13. Qf3 Qxf3 14. gxf3 Nxc3 15. bxc3 Ne7 16. Kf2 Be6 17. Bd3 Rfe8 18. e4 b6 19. d5 Bd7 20. Nb3 Ng6 21. Nd4 Nf4 22. Bf1 f5 23. Re1 fxe4 24. fxe4 Rf8 25. Ke3 Rae8 26. c4 Ng6 27. Rg1 Ne5 28. Be2 c5 29.
Nb3 Nf7 30. Nd2 Nd6 31. Bg4 Bxg4 32. Rxg4 Nf5+ 33. Kd3 Nd4 34. Rf1 Rxf1 35. Nxf1 Nf3 36. Rg3 Ne5+ 37. Kc3 Rf8 38. Ne3 Rf4 39. Nf5 g6 40.
Nd6 Kf8 41. Rg5 Nf3 42. Rg2 Ne5 43. a4 Ke7 44. Nc8+ Kd7 45. Nxa7 Rxe4 46. Kb3 Re3+ 47.
Kc2 Ra3 48. Re2 Ra2+ 49. Kd1 Rxe2 50. Kxe2 Nxc4 51. Nb5 Nb2 52. Nc3 Kd6 53. Ke3 h6 54.
Ke4 h5 55. h4 Nc4 56. Nb5+ Kd7 57. Kf4 Nb2 58. Nc3 Kd6 59. Kg5 Nxa4 60. Nxa4 b5 61. Nb2 c4 62. Kxg6 Kxd5 63. Kxh5 c3 64. Nd3 Kc4 65. Nc1 b4 66. Kg6 b3 67. Nxb3 Kxb3 68. h5 c2 69. h6 c1=Q 70. h7 Qc3 71. Kf7 Qh8 72. Kg6 Kc4 73. Kf7 Kd5 74. Kg6 Kd6 75. Kf7 Kd7 76. Kg6 Ke8 77. Kh6 Kf7 78.
Kh5 Qxh7+ 0-1

[Event "Early-Titled-Tuesday-Blitz-November-28-2023"]
[Site "Chess.com"]
[Date "2023.11.28"]
[Round "8"]
[White "LizardMorrison"]
[Black "Artem_Sadovsky"]
[Result "0-1"]
[WhiteElo "2217"]
[BlackElo "2522"]
[TimeControl "180+1"]
[EndTime "9:36:27 PST"]
[Termination "Artem_Sadovsky won on time"]

1. Nf3 g6 2. g3 Bg7 3. Bg2 e5 4. d3 d5 5. O-O Ne7 6. c4 O-O 7. cxd5 Nxd5 8. Nc3 Nxc3 9. bxc3 e4 10. dxe4 Bxc3 11. Bh6 Bxa1 12. Qxa1 f6 13. Bxf8 Qxf8 14.
e5 Kg7 15. Rc1 Nc6 16. Nd4 Nxe5 17. Rxc7+ Kh8 18. Nf3 Qd6 19. Rc1 Bg4 20. Nxe5 Qxe5 21. Qxe5 fxe5 22. Bxb7 Rb8 23. Rc7 Bxe2 24. f4 exf4 25.
gxf4 Rf8 26. Rc8 Rxc8 27. Bxc8 Kg7 28. Kf2 Bc4 29. a3 Kf6 30. Ke3 Be6 31. Bb7 Kf5 32. Bf3 a5 33. Be2 Bd5 34. Bd1 h6 35. h4 Bc4 36.
Bc2+ Kg4 37. Bxg6 Kxh4 38. Kf3 Bd5+ 39. Ke3 Kg4 40. Be8 h5 41. Kf2 h4 42. Kg1 Kg3 43.
Bd7 Kxf4 44. Kh2 Ke3 45. Kh3 Kd4 46. Kxh4 Kc3 47. Kg3 Kb3 48. Kf4 Kxa3 49. Ke3 Kb2 50.
Kd4 Bb3 51. Kc5 Kc3 52. Bc6 Bc4 53. Bd7 Kb3 54. Bc6 Be6 55. Be8 Bg8 56. Bc6 Bf7 57. Bd7 Bg6 58. Bc6 Bf5 59. Be8 Be4 60. Bd7 Bg6 61. Bc6 Bd3 62. Bd7 Ka3 63. Bc6 Bc2 64. Bd7 Ba4 65. Be6 Bb3 66. Bd7 Ba4 67.
Bg4 Be8 68. Bd1 Bf7 69. Bc2 Bb3 70. Bf5 Ba4 71. Be4 Kb3 72. Bd5+ Kc3 73. Be4 Bd7 74. Bd5 a4 75. Bg8 a3 76. Ba2 Ba4 0-1

[Event "Early-Titled-Tuesday-Blitz-November-28-2023"]
[Site "Chess.com"]
[Date "2023.11.28"]
[Round "8"]
[White "simonachess"]
[Black "secretsuperstar7"]
[Result "1/2-1/2"]
[WhiteElo "2271"]
[BlackElo "2443"]
[TimeControl "180+1"]
[EndTime "9:36:27 PST"]
[Termination "Game drawn by repetition"]

1. d4 Nf6 2. c4 e6 3. Nf3 b6 4. g3 Bb7 5. Bg2 d6 6. O-O Nbd7 7. Nc3 Be7 8. Qc2 O-O 9. Rd1 d5 10. Ne5 c6 11. Nxd7 Qxd7 12. e4 dxc4 13. e5 Nd5 14. Ne4 b5 15. Ng5 Bxg5 16. Bxg5 Nb4 17. Qe4 Nd3 18.
b3 Rab8 19. bxc4 bxc4 20. Qg4 Kh8 21. Be4 Qxd4 22. Qh4 f5 23. exf6 g6 24. Bxd3 Qxh4 25. Bxh4 cxd3 26. Rxd3 c5 27. Rd7 Bd5 28. Bg5 c4 29.
Rc1 h5 30. Bf4 Rbd8 31. Rxd8 Rxd8 32. Be5 Kg8 33. f4 Kf7 34. Kf2 Rc8 35. Ke3 Rc6 36.
Kd4 Rb6 37. Rc2 Rb1 38. Kc5 Rb6 39. a4 Rc6+ 40. Kb5 Rb6+ 41. Kc5 Rc6+ 42. Kd4 Rb6 43. a5 Rb3 44. Kc5 Rb7 45. Rb2 Rxb2 46. Bxb2 a6 47.
Kb6 c3 48. Bxc3 Bc4 49. Kc5 Bb5 50. Kd6 Bc4 51. Bd4 Bb5 52. Ke5 Bc4 53. h3 Be2 54. Ke4 Bf1 55. g4 Bxh3 56. gxh5 gxh5 57. f5 Bxf5+ 58. Ke5 Bc2 59. Bf2 Bb3 60. Bh4 Bc4 61. Bg5 Bb5 62. Bh4 Bc4 63. Kf4 Bb5 64. Kg5 Be2 65.
Bg3 Bd1 66. Be5 Be2 67. Kh4 Bg4 68. Kg3 Kg6 69. Kf4 Kf7 70. Ke3 Bd1 71. Kd4 h4 72.
Kc5 h3 73. Kb6 Be2 74. Kc5 Bb5 75. Kd4 h2 76. Bxh2 Kxf6 77. Be5+ Kf5 78. Bd6 Kf6 79.
Be5+ Kf7 80. Bd6 Kf6 81. Be5+ 1/2-1/2

[Event "Early-Titled-Tuesday-Blitz-November-28-2023"]
[Site "Chess.com"]
[Date "2023.11.28"]
[Round "8"]
[White "Korchmar_Vasiliy"]
[Black "seopie"]
[Result "0-1"]
[WhiteElo "2722"]
[BlackElo "2871"]
[TimeControl "180+1"]
[EndTime "9:36:30 PST"]
[Termination "seopie won on time"]

1. e4 c5 2. d4 cxd4 3. Qxd4 Nc6 4. Qd3 g6 5. Nc3 Bg7 6. Nf3 d6 7. Be2 Nf6 8. O-O O-O 9. Nd5 Nd7 10. c3 e6 11. Ne3 Nc5 12. Qc2 Qe7 13. Rd1 Rd8 14. Ng4 e5 15. Ne3 Be6 16. Nd5 Bxd5 17. exd5 Nb8 18.
Bg5 Bf6 19. Be3 Nbd7 20. b4 Na6 21. Qb3 Nc7 22. c4 Ne8 23. Rac1 b6 24. h3 Bg7 25. Bg5 Bf6 26. Be3 Bg7 27. Rc2 Nef6 28. Rdc1 Nh5 29. c5 bxc5 30. bxc5 Nxc5 31. Bxc5 dxc5 32. Rxc5 e4 33. Nh2 Nf4 34. Bf1 Qd6 35. Ng4 Nxd5 36.
Rc6 Qb8 37. Bc4 Qxb3 38. Bxb3 h5 39. Ne3 Nf4 40. R1c4 Ne2+ 41. Kf1 Nd4 42. Rc7 a5 43. Re7 Nxb3 44. axb3 f5 45. Rcc7 Bf8 46. Re6 Rd6 47. Re5 h4 48. Nd5 Rb8 49. Nf4 Rxb3 50. g4 hxg3 51. fxg3 Rxg3 52. Ne6 Rxh3 53. Rc8 Rxe6 54. Rxe6 Kf7 55. Ra6 Be7 56. Rc7 Rh8 57. Rxa5 Re8 58. Ra6 g5 59. Ke2 f4 60. Rb6 Kf8 61. Rb5 e3 62. Rf5+ Kg7 63. Rxg5+ Kf6 64. Rg4 Kf5 65. Rg7 Bd6 66. Rcf7+ Ke4 67. Rg5 Be5 68. Rg4 Ra8 69. Re7 Ra2+ 70. Kd1 Kf3 71. Rh4 e2+ 0-1

[Event "Early-Titled-Tuesday-Blitz-November-28-2023"]
[Site "Chess.com"]
[Date "2023.11.28"]
[Round "8"]
[White "Kildepiotr"]
[Black "crazy_m_attack"]
[Result "1/2-1/2"]
[WhiteElo "2687"]
[BlackElo "2442"]
[TimeControl "180+1"]
[EndTime "9:36:30 PST"]
[Termination "Game drawn - insufficient material"]

1. Nf3 d5 2. g3 Nf6 3. Bg2 e6 4. O-O Be7 5. d3 O-O 6. Nbd2 c5 7. e4 Nc6 8. Re1 b5 9. e5 Nd7 10. Nf1 a5 11. h4 a4 12. h5 h6 13. N1h2 b4 14.
a3 bxa3 15. bxa3 Re8 16. Ng4 Bf8 17. Rb1 Ba6 18. Bf4 Nd4 19. Nd2 Nb5 20. Ra1 Nd4 21.
c3 Nf5 22. c4 Nb6 23. Qc1 dxc4 24. Nxc4 Nxc4 25. dxc4 Rb8 26. Rd1 Nd4 27. Kh2 Bb7 28.
Bxb7 Rxb7 29. Qe3 Rb3 30. Qe4 Qa8 31. Qxa8 Rxa8 32. Be3 Nc2 33. Ra2 Nxa3 34. Rda1 Nxc4 35. Rxa4 Rxa4 36. Rxa4 Nb6 37. Ra7 c4 38. Rc7 Nd5 39. Rxc4 Be7 40. Kg2 Rb2 41. Kf3 Rb1 42. Kg2 Rb2 43. Bd4 Rd2 44. Ra4 Kh7 45. Be3 Nxe3+ 46. Nxe3 Bc5 47. Ng4 Rd4 48. Rxd4 Bxd4 49. f4 Kg8 50.
Kf3 Kf8 51. Ke4 Bc3 52. Ne3 Ke7 53. g4 Be1 54. f5 Bf2 55. Nc4 f6 56. Nb2 fxe5 57.
Kxe5 Bg3+ 58. Ke4 exf5+ 59. Kxf5 Kf7 60. Nd3 Bh4 61. Ne5+ Kg8 62. Kg6 Bf6 63. Nd7 Bb2 64. Nc5 Ba1 65. Ne6 Bb2 66. Kf5 Ba1 67. Nf4 Bb2 68. Ke6 Ba1 69. Ng6 Bb2 70. Ke7 Ba1 71. Ke8 Bb2 72. Ne7+ Kh7 73. Kf7 Ba1 74. Ng6 Bb2 75.
Nf8+ Kh8 76. Ne6 Kh7 77. g5 hxg5 78. Nxg5+ Kh6 79. Ne6 Kxh5 80. Nxg7+ 1/2-1/2

[Event "Early-Titled-Tuesday-Blitz-November-28-2023"]
[Site "Chess.com"]
[Date "2023.11.28"]
[Round "8"]
[White "Aygehovit1992"]
[Black "vi_pranav"]
[Result "1-0"]
[WhiteElo "2734"]
[BlackElo "3020"]
[TimeControl "180+1"]
[EndTime "9:36:32 PST"]
[Termination "Aygehovit1992 won by resignation"]

1. e4 e5 2. Nf3 Nc6 3. Bb5 a6 4. Ba4 Nf6 5. O-O b5 6. Bb3 Bc5 7. c3 d6 8. d4 Bb6 9. Be3 O-O 10. Nbd2 h6 11. h3 Re8 12. Bc2 Bb7 13. Re1 exd4 14. Nxd4 Nxd4 15. cxd4 Nxe4 16. Bxe4 Bxe4 17. Bxh6 Bg6 18.
Rxe8+ Qxe8 19. Be3 Qe6 20. Qg4 Qd5 21. a4 Re8 22. a5 Ba7 23. Qd7 f6 24. Rc1 Bb8 25. Qc6 Qxc6 26. Rxc6 Bf7 27. Nb1 b4 28. Nd2 Bd5 29.
Rc1 Kf7 30. Nf3 Ke7 31. Ne1 Be4 32. f3 Bh7 33. Kf2 Kd7 34. Rc4 c6 35. Rxb4 Bc7 36.
Ra4 Rb8 37. b4 Rb5 38. g4 d5 39. Bd2 Bb8 40. Bc3 Bd6 41. Ke3 Rb8 42. h4 Bg6 43. h5 Bh7 44. Nd3 Re8+ 45. Kd2 Bxd3 46. Kxd3 Bf4 47. Bd2 Bxd2 48. Kxd2 Kd6 49. Ra3 Rb8 50. Rb3 Rb7 51. Ke3 Ke6 52. Kf4 Kf7 53. Kf5 Re7 54. Rc3 Re6 55. f4 Rd6 56. Re3 Rd8 57. Re6 Rb8 58. Rxc6 Rxb4 59. Rc7+ Kf8 60. Kg6 Rxd4 61.
Rf7+ Ke8 62. Rxg7 Rxf4 63. h6 Rxg4+ 64. Kxf6 Rh4 65. h7 Rh6+ 66. Kg5 Rh1 67. Rg8+ Kf7 68.
h8=Q Rg1+ 69. Kf5 Rxg8 70. Qf6+ Ke8 71. Qxa6 1-0

[Event "Early-Titled-Tuesday-Blitz-November-28-2023"]
[Site "Chess.com"]
[Date "2023.11.28"]
[Round "8"]
[White "SlavenPastar"]
[Black "ArtemDyachuk"]
[Result "0-1"]
[WhiteElo "2637"]
[BlackElo "2529"]
[TimeControl "180+1"]
[EndTime "9:36:32 PST"]
[Termination "ArtemDyachuk won by checkmate"]

1. b3 d5 2. Bb2 Bg4 3. h3 Bh5 4. g3 Nf6 5. Bg2 Nbd7 6. Nf3 Bxf3 7. Bxf3 e5 8. Bg2 Bd6 9. d3 Qe7 10. Nd2 h5 11. e3 O-O-O 12. Qe2 Ba3 13. O-O-O Bxb2+ 14. Kxb2 Nb6 15. a3 Qc5 16. Nb1 a5 17. d4 Qd6 18. a4 Rhe8 19. Qb5 exd4 20. exd4 Kb8 21.
Rhe1 h4 22. g4 Qh2 23. Rxe8 Rxe8 24. g5 Nfd7 25. Bxd5 c6 26. Bxc6 bxc6 27. Qxc6 Qxh3 28. d5 Rc8 29. Qd6+ Kb7 30. Rd3 Qf5 31. Nc3 h3 32.
Re3 Rh8 33. Nb5 Rc8 34. Nc3 Qg4 35. Re7 Qd4 36. Rxd7+ Ka6 37. Rc7 Qb4 38. Qc6 Rxc7 39. Qxc7 h2 40. Nb5 Nxa4+ 41. Ka2 Qxb5 42. Qxh2 Nc3+ 43.
Kb2 Nd1+ 44. Kc1 Nc3 45. Qd6+ Qb6 46. Qe7 Nxd5 47. Qxf7 Qd4 48. g6 Qa1+ 49. Kd2 Qd4+ 50. Kc1 Kb6 51. Qe6+ Kc5 52. Qc8+ Kb4 53. Qb7+ Ka3 54.
Qc6 Qf4+ 55. Kd1 Nb4 56. Qc5 Qf3+ 57. Ke1 Qe4+ 58. Kf1 Kb2 59. Qxa5 Nxc2 60. Qa7 Qd3+ 61. Kg2 Qxg6+ 62. Kf1 Kxb3 63. Qb7+ Kc3 64. Qc7+ Kd2 65. Qd7+ Qd3+ 66. Qxd3+ Kxd3 67. Kg2 Ke4 68. Kg3 Kf5 69.
Kh4 Nd4 70. Kh5 Ne6 71. Kh4 Nf4 72. Kg3 g5 73. Kf3 Nh5 74. Kg2 Kg4 75. Kh2 Kf3 76. Kh3 Nf4+ 77. Kh2 Kxf2 78. Kh1 g4 79. Kh2 g3+ 80.
Kh1 g2+ 81. Kh2 g1=Q# 0-1

[Event "Early-Titled-Tuesday-Blitz-November-28-2023"]
[Site "Chess.com"]
[Date "2023.11.28"]
[Round "8"]
[White "BardArtem"]
[Black "jcibarra"]
[Result "1/2-1/2"]
[WhiteElo "2770"]
[BlackElo "2903"]
[TimeControl "180+1"]
[EndTime "9:36:34 PST"]
[Termination "Game drawn by repetition"]

1. e4 c5 2. c3 Nf6 3. e5 Nd5 4. Nf3 Nc6 5. d4 cxd4 6. cxd4 d6 7. Bc4 dxe5 8. dxe5 Be6 9. O-O g6 10. Ng5 Bg7 11.
Nxe6 fxe6 12. f4 O-O 13. Nc3 Qb6+ 14. Kh1 Rad8 15. Nxd5 exd5 16. Bd3 e6 17. b3 Rf7 18. Bb2 Rdf8 19. g3 a5 20. Rc1 Qe3 21. Re1 Qf2 22. Re2 Qf3+ 23. Kg1 g5 24. f5 Rxf5 25. Bxf5 Rxf5 26.
Qe1 Qg4 27. Rf2 h6 28. Qe2 Qxe2 29. Rxe2 Rf7 30. Kg2 Rd7 31. h4 d4 32. hxg5 hxg5 33. Re4 d3 34. Rd1 Bf8 35. Rg4 Be7 36. Bc1 Nxe5 37.
Re4 Bf6 38. Bb2 Rd5 39. Bxe5 Bxe5 40. Re3 d2 41. Re2 Bc3 42. Rxe6 b5 43. Re4 b4 44.
Kf3 Kf7 45. Kg4 Kf6 46. Re2 Rd4+ 47. Kf3 g4+ 48. Kf2 Kf5 49. Re8 Re4 50. Rxe4 Kxe4 51. Ke2 Be5 52. Rxd2 Bxg3 53. Rd8 Be5 54. Ra8 Bc7 55.
Ra7 Bb6 56. Ra6 Bd8 57. Rc6 g3 58. Rg6 Bc7 59. Rg4+ Bf4 60. Rg8 Kd4 61. Kf3 Bd6 62. Rd8 Kd5 63. Ra8 Bc7 64. Ra6 Kc5 65. Rg6 Kd4 66. Rg5 Kc3 67. Rc5+ Kb2 68. Rxc7 Kxa2 69. Rc5 Kxb3 70. Rxa5 Kc2 71. Rc5+ Kd3 72. Rb5 Kc3 73. Kxg3 b3 74. Rc5+ Kd2 75. Rb5 Kc2 76. Rc5+ Kd2 77. Rd5+ Kc2 78. Rc5+ Kd2 1/2-1/2